 Dungeon Crawl Stone Soup version 0.17-a0-762-gdd96e34 (webtiles) character file.

54 Espgualade the Skirmisher (level 3, 0/23 HPs)
             Began as a Tengu Ice Elementalist on Apr 23, 2015.
             Slain by a worm (6 damage)
             ... on level 2 of the Dungeon.
             The game lasted 00:03:55 (2449 turns).

Espgualade the Skirmisher (Tengu Ice Elementalist)  Turns: 2449, Time: 00:03:55

Health: 0/23       AC:  7    Str:  8    XL:     3   Next: 91%
Magic:  0/7        EV: 12    Int: 16    God:
Gold:   86         SH:  0    Dex: 14    Spells: 3 memorised, 0 levels left

rFire  . . .     SeeInvis .     e - +0 dagger
rCold  . . .     Clarity  .     a - +0 robe
rNeg   . . .     SustAb   .     (no shield)
rPois  .         Gourm    .     (helmet restricted)
rElec  .         Spirit   .     (no cloak)
rCorr  .         Warding  .     (no gloves)
rMut   .         Stasis   .     (boots unavailable)
MR     .....                    (no amulet)
Stlth  ++........               (no ring)
                                (no ring)

@: icy armour (expiring), not resistant to hostile enchantments, unstealthy
A: beak, talons 3
a: no special abilities


You were on level 2 of the Dungeon.
You were hungry.

You visited 1 branch of the dungeon, and saw 2 of its levels.

You collected 86 gold pieces.

Inventory:

Hand weapons
 e - a +0 dagger (weapon)
Armour
 a - a +0 robe (worn)
Scrolls
 f - a scroll of blinking {unknown}
 h - 2 scrolls of remove curse {unknown}
 j - a scroll of noise {unknown}
 k - 3 scrolls of identify {unknown}
 n - a scroll of enchant weapon {unknown}
Potions
 g - a potion of flight {unknown}
 i - a potion of invisibility {unknown}
 o - a potion of curing {unknown}
Books
 b - a book of Frost

   Spells                             Type                      Level
   a - Freeze                         Ice                          1
   b - Throw Frost                    Conjuration/Ice              2
   c - Ozocubu's Armour               Charms/Ice                   3
   d - Throw Icicle                   Conjuration/Ice              4
   e - Summon Ice Beast               Ice/Summoning                4
   f - Condensation Shield            Ice                          4
Comestibles
 c - a bread ration
 l - a beef jerky
 m - 2 meat rations


   Skills:
 + Level 3.3 Fighting
 - Level 2.1 Dodging
 - Level 2.0 Stealth
 - Level 2.0 Spellcasting
 - Level 1.3 Conjurations
 - Level 2.6 Ice Magic


You couldn't memorise any spells.
You knew the following spells:

 Your Spells              Type           Power        Failure   Level  Hunger
a - Freeze                Ice            ##..         10%         1    #......
b - Throw Frost           Conj/Ice       #.....       14%         2    ###....
c - Ozocubu's Armour      Chrm/Ice       #.......     38%         3    ###....


Dungeon Overview and Level Annotations

Branches:
Dungeon (2/15)

Altars:
Cheibriados


Innate Abilities, Weirdness & Mutations

You have a beak for a mouth.
You have claws for feet.


Message History

The worm closely misses you.
You hit the worm.
The worm is almost dead.
Casting: Freeze
Confirm with . or Enter, or press ? or * to list all spells.
You don't have enough magic to cast that spell.
You barely miss the worm. You claw the worm, but do no damage.
The worm is severely wounded.
Drink which item? (? for menu, Esc to quit)
It was a potion of cure mutation.
It has a very clean taste.
Your icy armour starts to melt.
Casting: Freeze
Confirm with . or Enter, or press ? or * to list all spells.
Aiming: Freeze
Press: ? - help, Shift-Dir - straight line, f/p - worm
Aim: a worm (severely wounded)
You freeze the worm.
The worm is almost dead.
The worm bites you.
You die...

#..##......####
###..##..........
#....##.####.####
#.#.###.# #.# #<#.#
#.# #.# # #(#.# #.#
#.#### ##. ##.#.#
#.# #.....
####...####....###.#
######
..........w@.......#
#####.#####....#####
####.#...## ###
#...###...# #..
#.##.##.#....# #..
#.##.###.#...# #..
#.##.# #.##..#
######.# #.##.#
#.##..####......#
#.##.#
#..........###...


You could see a worm.

Vanquished Creatures
  An adder (D:2)
  3 giant geckos
  5 ball pythons (D:2)
  5 bats
  A giant cockroach (D:2)
  4 goblins
  4 hobgoblins
  3 jackals (D:2)
  3 giant newts
  6 kobolds (D:1)
  4 rats
39 creatures vanquished.

Notes
Turn   | Place    | Note
--------------------------------------------------------------
     0 | D:1      | Espgualade, the Tengu Ice Elementalist, began the quest for the Orb.
     0 | D:1      | Reached XP level 1. HP: 10/10 MP: 4/4
    50 | D:1      | Reached skill level 1 in Fighting
   353 | D:1      | Reached XP level 2. HP: 12/16 MP: 1/6
  1305 | D:1      | Learned a level 2 spell: Throw Frost
  1335 | D:2      | Reached XP level 3. HP: 17/22 MP: 5/7
  1506 | D:2      | Reached skill level 3 in Fighting
  1957 | D:2      | Found a snail-covered altar of Cheibriados.
  2426 | D:2      | Learned a level 3 spell: Ozocubu's Armour
  2449 | D:2      | Slain by a worm

Action                   || total
-------------------------++-------
Melee: Dagger            ||   109
       Unarmed           ||     3
 Cast: Freeze            ||    39
       Ozocubu's Armour  ||     1
  Use: Potion            ||     1
 Stab: Sleeping          ||     3
  Eat: Chunk             ||     5
